 Dungeon Crawl Stone Soup version 0.29.1-15-g9cfb28693d (webtiles) character file.

Game seed: 3378422892753158038

9134 Gabide the Grappler (level 11, 0/89 HPs)
             Began as a Mummy Berserker on Apr 7, 2023.
             Was an Elder of Trog.
             Slain by a six-headed hydra (10 damage)
             ... on level 2 of the Lair of Beasts.
             The game lasted 00:21:50 (14265 turns).

Gabide the Grappler (Mummy Berserker)              Turns: 14265, Time: 00:21:52

Health: 0/89       AC: 10    Str: 24    XL:     11   Next: 19%
Magic:  20/20      EV: 15    Int:  6    God:    Trog [****..]
Gold:   400        SH: 10    Dex: 15    Spells: 10/10 levels left

rFire   . . .      SeeInvis .     - Unarmed
rCold   + . .      Faith    .   m - +0 buckler "Duesis" {rF+ Will+}
rNeg    + + +      Spirit   .   k - +3 leather armour of the Maze {Will+ MP+9 Dex+2 Stlth+}
rPois   ∞          Reflect  +   w - +2 hat {Will+}
rElec   .          Harm     .   (no cloak)
rCorr   +          Rampage  .   o - +1 Delatra's gloves {ID++}
Will    ++++.                   (no boots)
Stlth   ++........              i - amulet of reflection
HPRegen 0.24/turn               p - ring of resist corrosion
MPRegen 0.17/turn               (no ring)

@: studying Short Blades
A: cold resistance 1, negative energy resistance 3, torment resistance 2, heat
vulnerability 1, in touch with death 1, no potions
a: Renounce Religion, Trog's Hand, Brothers in Arms


You were on level 2 of the Lair of Beasts.
You worshipped Trog.
Trog was greatly pleased with you.
You visited 2 branches of the dungeon, and saw 12 of its levels.
You also visited: Bailey.

You collected 750 gold pieces.
You spent 350 gold pieces at shops.

Inventory:

Hand Weapons
 a - the +11 sling of Riuq {flame, rElec rF++ rC- rN+}
   (You found it on level 5 of the Dungeon)

   Any ammunition fired from it burns those it strikes, dealing additional fire
   damage.
   rF:        It greatly protects you from fire.
   rC:        It makes you vulnerable to cold.
   rElec:     It insulates you from electricity.
   rN:        It protects you from negative energy.
Missiles
 e - 4 curare-tipped darts (quivered)
 s - 24 boomerangs
Armour
 k - the +3 leather armour of the Maze (worn) {Will+ MP+9 Dex+2 Stlth+}
   (You bought it in a shop on level 5 of the Dungeon)

   Dex:       It affects your dexterity (+2).
   MP:        It affects your magic capacity (+9).
   Will:      It increases your willpower.
   Stlth:     It makes you more stealthy.
 m - the +0 buckler "Duesis" (worn) {rF+ Will+}
   (You acquired it on level 2 of the Dungeon)

   rF:        It protects you from fire.
   Will:      It increases your willpower.
 o - the +1 Delatra's gloves (worn) {ID++}
   (You found it on level 6 of the Dungeon)

   It heals its wearer when they drink unknown potions.
   It restores its wearer's MP when they read unknown scrolls.
 w - a +2 hat of willpower (worn)
Jewellery
 i - an amulet of reflection (around neck)
 p - a ring of resist corrosion (left hand)
Wands
 g - a wand of iceblast (22)
 j - a wand of flame (28)
 r - a wand of polymorph (10)
Scrolls
 b - a scroll of poison
 c - 2 scrolls of silence
 d - 5 scrolls of teleportation
 l - 4 scrolls of fog
 n - 4 scrolls of enchant weapon
 q - a scroll of vulnerability
 t - 4 scrolls of fear
 u - a scroll of magic mapping
 v - 3 scrolls of blinking


   Skills:
 + Level 9.1 Fighting
 - Level 2.0 Armour
 + Level 7.4 Dodging
 - Level 3.0 Shields
 * Level 10.5 Unarmed Combat


You had 10 spell levels left.
You didn't know any spells.
Your spell library was empty.

Dungeon Overview and Level Annotations

Branches:
Dungeon (10/15)            Temple (0/1) D:7            Lair (2/5) D:10
 Bailey (visited)
  Swamp: Lair:2-3    Shoals: Lair:2-3     Snake: Lair:2-3    Spider: Lair:2-3
    Orc: D:9-12

Altars:
Ashenzari
Dithmenos
Fedhas
Gozag
Hepliaklqana
Makhleb
Nemelex Xobeh
Okawaru
Qazlal
Trog
Uskayaw
Vehumet
Wu Jian

Shops:
D:5 ([([


Innate Abilities, Weirdness & Mutations

You are immune to poison.
Your flesh is cold resistant. (rC+)
You are immune to negative energy. (rN+++)
You are immune to unholy pain and torment.
You are vulnerable to heat. (rF-)
You are in touch with the powers of death.
You do not drink.


Message History

You hear a croak. x3; You hear a bellow! x4
You punch the six-headed hydra!
The six-headed hydra is severely wounded.
The six-headed hydra barely misses you.
You block the six-headed hydra's attack.
The six-headed hydra misses you.
You block the six-headed hydra's attack.
The six-headed hydra bites you.
The six-headed hydra closely misses you.
You barely miss the six-headed hydra.
The six-headed hydra is severely wounded.
The six-headed hydra barely misses you.
The six-headed hydra bites you but does no damage. x2
The six-headed hydra closely misses you.
The six-headed hydra bites you!
The six-headed hydra completely misses you.
You punch the six-headed hydra!
The six-headed hydra is severely wounded.
You block the six-headed hydra's attack.
The six-headed hydra barely misses you. The six-headed hydra bites you! x3
You block the six-headed hydra's attack.
Unknown command.
You punch the six-headed hydra!
The six-headed hydra is almost dead.
You barely miss the six-headed hydra.
The six-headed hydra is almost dead.
The six-headed hydra bites you.
* * * LOW HITPOINT WARNING * * *
The six-headed hydra completely misses you.
The six-headed hydra closely misses you.
The six-headed hydra barely misses you. The six-headed hydra bites you!
* * * LOW HITPOINT WARNING * * *
The six-headed hydra closely misses you.
You punch the six-headed hydra!
The six-headed hydra is almost dead.
The six-headed hydra bites you.
* * * LOW HITPOINT WARNING * * *
You block the six-headed hydra's attack.
The six-headed hydra bites you!
You die...

### ###### ###.#######
##.....##.#.##.##.######
........................
.....................P##
......D@............###
.......#####P........##
#.....# ###......#.#
+..... #.......## .....
#........#. #....
#.......... ....
#.......... ....
#..........
..##.....####.


You could see a six-headed hydra.

Vanquished Creatures
  An orc warlord (Bailey)
  A cane toad (Lair:1)
  An unseen horror (D:10)
  5 komodo dragons
  A troll (D:10)
  2 wyverns
  A wraith (D:9)
  11 yaks
  2 water moccasins (Lair:1)
  A black bear (D:8)
  2 orc warriors (Bailey)
  An ice beast (D:4)
  9 wolves (Lair:1)
  An ogre (D:6)
  A centaur (D:4)
  3 kobold brigands
  2 bullfrogs
  3 gnoll sergeants
  A necrophage (D:6)
  2 scorpions
  12 killer bees
  3 howler monkeys
  3 orc priests
  2 hounds
  A gnoll bouda (D:5)
  6 jellies
  2 orc wizards
  12 gnolls
  8 adders
  A shadow imp (D:6)
  2 white imps (D:7)
  An ufetubus (D:6)
  3 worms (D:4)
  4 dart slugs
  29 orcs
  9 ball pythons
  10 endoplasms
  4 giant cockroaches
  14 goblins
  4 hobgoblins
  4 jackals (D:1)
  3 quokkas
  4 bats
  31 kobolds
  6 rats
229 creatures vanquished.

Vanquished Creatures (collateral kills)
  A hydra (Lair:1)
1 creature vanquished.

Vanquished Creatures (others)
  A kobold (D:8)
  10 fungi
  51 plants
  3 withered plants (D:3)
65 creatures vanquished.

Grand Total: 295 creatures vanquished

Notes
Turn   | Place    | Note
-------+----------+-------------------------------------------
     0 | D:1      | Gabide the Mummy Berserker began the quest for the Orb.
     0 | D:1      | Reached XP level 1. HP: 18/18 MP: 1/1
   353 | D:1      | Reached XP level 2. HP: 21/24 MP: 2/2
  1086 | D:1      | Reached skill level 3 in Unarmed Combat
  1245 | D:2      | Gained mutation: You are in touch with the powers of death.
                  | [Mummy growth]
  1245 | D:2      | Reached XP level 3. HP: 22/29 MP: 3/3
  1439 | D:2      | Reached ** piety under Trog
  1440 | D:2      | Reached XP level 4. HP: 26/35 MP: 4/4
  1788 | D:2      | Found an opulent altar of Gozag.
  2015 | D:2      | Identified a scroll of acquirement
  2015 | D:2      | Acquired the +0 buckler "Duesis" {rF+ Will+}
  2032 | D:3      | Found a faded altar of an unknown god.
  2925 | D:4      | Reached XP level 5. HP: 30/42 MP: 5/5
  3089 | D:4      | Reached skill level 4 in Unarmed Combat
  3125 | D:4      | Noticed a centaur
  3136 | D:4      | HP: 2/42 [worm (7)]
  3139 | D:4      | Killed a centaur
  3140 | D:4      | Reached skill level 1 in Shields
  3140 | D:4      | Reached XP level 6. HP: 7/48 MP: 6/6
  3522 | D:4      | Reached *** piety under Trog
  4403 | D:5      | Entered Level 5 of the Dungeon
  4488 | D:5      | Found Higoom's Antique Armour Shop.
  4683 | D:5      | Noticed an ice beast
  5144 | D:4      | Killed an ice beast
  5145 | D:4      | Reached XP level 7. HP: 20/54 MP: 7/7
  5583 | D:5      | Found Oghaffan's Weapon Emporium.
  5607 | D:5      | Identified the +11 sling of Riuq {flame, rElec rF++ rC-
                  | rN+}
  5625 | D:5      | Found Ogupni Rurhe's Weapon Boutique.
  5632 | D:5      | Identified the +2 ring mail of Fedhas's Castigation {+Inv
                  | rN+++ Will- Stlth+}
  5694 | D:5      | Found Tofidgh's Antique Armour Emporium.
  5702 | D:5      | Bought a distressingly furry leather armour for 189 gold
                  | pieces
  5702 | D:5      | Identified the +3 leather armour of the Maze {Will+ MP+9
                  | Dex+2 Stlth+} (You bought it in a shop on level 5 of the
                  | Dungeon)
  6161 | D:6      | Reached skill level 5 in Unarmed Combat
  6335 | D:6      | Reached skill level 5 in Fighting
  6335 | D:6      | Reached XP level 8. HP: 62/62 MP: 8/8
  6620 | D:6      | Found the +1 Delatra's gloves {ID++}
  7357 | D:7      | Found a sparkling altar of Nemelex Xobeh.
  7358 | D:7      | Found a radiant altar of Vehumet.
  7359 | D:7      | Found a stormy altar of Qazlal.
  7365 | D:7      | Found a hazy altar of Hepliaklqana.
  7366 | D:7      | Found a hide-covered altar of Uskayaw.
  7368 | D:7      | Found a burning altar of Makhleb.
  7369 | D:7      | Found a blossoming altar of Fedhas.
  7371 | D:7      | Found a broken altar of Ashenzari.
  7375 | D:7      | Found a shadowy altar of Dithmenos.
  7376 | D:7      | Found a bloodstained altar of Trog.
  7750 | D:7      | Found a staircase to the Ecumenical Temple.
  7957 | D:8      | Reached skill level 6 in Unarmed Combat
  8673 | D:9      | Reached **** piety under Trog
  8674 | D:9      | Reached XP level 9. HP: 44/69 MP: 9/9
  8890 | D:9      | Reached skill level 5 in Dodging
  8890 | D:9      | Reached skill level 7 in Unarmed Combat
  9119 | D:9      | Found an iron altar of Okawaru.
  9797 | D:10     | Entered Level 10 of the Dungeon
  9962 | D:10     | Found a flagged portal.
  9971 | Bailey   | Entered a bailey
  9976 | Bailey   | Noticed an orc warlord
 10037 | Bailey   | Reached skill level 8 in Unarmed Combat
 10397 | Bailey   | Found a runed translucent gate.
 10397 | Bailey   | Found a runed translucent gate.
 10397 | Bailey   | Found a runed translucent gate.
 10531 | Bailey   | Killed an orc warlord
 10532 | Bailey   | Reached XP level 10. HP: 79/79 MP: 10/10
 10759 | D:10     | Found a large runed translucent door.
 10760 | D:10     | Found a large runed translucent door.
 11023 | D:10     | Reached skill level 9 in Unarmed Combat
 11200 | D:10     | Found a staircase to the Lair.
 11738 | D:10     | Found an ornate altar of the Wu Jian Council.
 11922 | Lair:1   | Entered Level 1 of the Lair of Beasts
 11960 | Lair:1   | Noticed a cane toad
 11971 | Lair:1   | Killed a cane toad
 12226 | Lair:1   | Reached skill level 10 in Unarmed Combat
 12465 | Lair:1   | Noticed an eight-headed hydra
 12681 | Lair:1   | Killed an eight-headed hydra
 12682 | Lair:1   | Reached XP level 11. HP: 33/87 MP: 11/11
 14039 | D:5      | Bought an embroidered hat for 161 gold pieces
 14253 | Lair:2   | Noticed a six-headed hydra
 14265 | Lair:2   | Slain by a six-headed hydra

Illustrated notes

Levels and vault maps discovered:
D:1:      wander_arrival_abandoned_jail, layout_basic
D:2:      layout_rooms, basic_altar, kennysheep_generic_room_14
D:3:      layout_basic, ebering_ecumenical_altar_petrified,
          lightli_corner_chamber
D:4:      layout_loops_ring, minmay_statues_item, nrook_mini_vaults,
          minmay_manual_monstrance
D:5:      layout_basic, serial_shops, shop, kennysheep_mini,
          nicolae_shop_advertising_works [nicolae_subvault_shop_adworks],
          nicolae_shop_bloodbath_and_beyond, lemuel_flamethrower_2
D:6:      layout_basic
D:7:      layout_loops_ring, nicolae_overflow_hallway_of_the_gods,
          minmay_temple_entry_trees, bh_walls_and_bars
D:8:      layout_basic
D:9:      layout_small_grid, nicolae_overflow_crystal_walls
D:10:     layout_basic, jmf_multi_god_temple2, david_lair_shrubbed,
          enter_bailey_2
Lair:1:   layout_roguey
Lair:2:   regret_index_wax_grids, layout_chaotic_city,
          minmay_snake_entry_guardpost_small, uniq_maggie

Skill      XL: |  1  2  3  4  5  6  7  8  9 10 11 |
---------------+----------------------------------+-----
Unarmed Combat | 3 4 5 6 8 10 | 10.5
Dodging        | 2 3 4 6 7 |  7.4
Fighting       | 4 5 6 7 8 9 |  9.1
Armour         | 2 |  2.0
Shields        | 1 3 |  3.0

Action                   |  1- 3 |  4- 6 |  7- 9 | 10-12 || total
-------------------------+-------+-------+-------+-------++-------
Melee: Unarmed           |   130 |   250 |    29 |   106 ||   515
       Punch             |     3 |       |       |       ||     3
 Fire: Sling             |       |       |   264 |   123 ||   387
Throw: Dart              |       |     4 |     4 |     2 ||    10
       Throwing net      |       |     1 |     2 |     4 ||     7
Invok: Trog's Hand       |       |     3 |       |       ||     3
       Brothers in Arms  |       |       |       |     1 ||     1
Evoke: Wand              |       |       |     2 |     5 ||     7
  Use: Scroll            |       |    13 |     9 |     2 ||    24
 Stab: Distracted        |       |       |     1 |       ||     1
       Sleeping          |       |       |       |     1 ||     1
Armor: Leather armour    |    31 |     7 |    42 |    55 ||   135
       Ring mail         |       |    67 |     4 |       ||    71
Dodge: Dodged            |    85 |   141 |    85 |   116 ||   427
Block: Buckler           |       |    25 |    80 |   121 ||   226
       Reflection        |       |       |     5 |       ||     5
